Map: Cerulean Fall LE

Players

berzerkerus

  • Race: Protoss Protoss
  • League: Platinum
  • Spawn Location: 1:00

Demented - Winner!

  • Race: Zerg Zerg
  • League: Platinum
  • Spawn Location: 7:00

VOD

Have the link to the VOD?

Description

Time

  • Played on: Oct. 31, 2018, 2:44 p.m.
  • Length: 12:09
Show
View Real Time Build Order
Export as new Build Order

berzerkerus Protoss 

Build Orders:  

Get SALT Encoding   

  12  0:02  Probe  
  13  0:16  Probe  
  14  0:23  Pylon  
  14  0:24  Probe  
  15  0:41  Probe  
  16  0:43  Gateway  
  16  0:48  Assimilator  
  16  0:53  Probe  
  17  1:05  Probe  
  18  1:12  Gateway  
  18  1:17  Probe  
  19  1:22  Assimilator  
  19  1:32  Cybernetics Core  
  19  1:37  Probe  
  20  1:45  Probe  
  20  1:51  Warp Gate  
  20  1:53  Pylon  
  20  1:54  Probe  
  22  2:06  Probe  
  23  2:19  Nexus  
  23  2:23  Adept  
  23  2:29  Adept  
  27  2:33  Probe  
  28  2:38  Assimilator  
  28  2:45  Probe  
  29  2:53  Adept  
  31  3:05  Twilight Council  
  31  3:09  Pylon  
  32  3:27  Probe  
  32  3:34  Probe  
  32  3:36  Gateway  
  32  3:37  Gateway  
  32  3:39  Probe  
  34  3:43  Pylon  
  34  3:44  Charge  
  34  3:46  Probe  
  31  4:03  Probe x2  
  31  4:09  Adept  
  35  4:10  Adept  
  35  4:15  Probe x2  
  39  4:22  Robotics Facility  
  39  4:26  Pylon  
  39  4:28  Probe x2  
  41  4:35  Zealot  
  41  4:36  Zealot  
  45  4:40  Probe  
  45  4:43  Adept  
  45  4:44  Adept  
  50  4:47  Probe  
  50  4:52  Probe  
  52  4:59  Probe  
  53  5:01  Stargate, Immortal  
  53  5:04  Probe  
  54  5:08  Assimilator  
  54  5:11  Probe  
  59  5:16  Probe  
  60  5:24  Zealot x2, Probe  
  66  5:28  Probe  
  66  5:40  Stalker  
  66  5:41  Observer  
  69  5:45  Pylon  
  69  5:47  Pylon  
  69  5:50  Pylon  
  69  6:05  Adept x2  
  69  6:06  Adept x2  
  77  6:31  Zealot  
  77  6:32  Zealot x3, Oracle  
  85  6:35  Resonating Glaives  
  85  6:39  Immortal  
  92  6:50  Nexus  
  92  6:55  Pylon  
  92  6:57  Pylon  
  92  6:58  Pylon  
  92  6:59  Pylon  
  92  7:05  Gateway x2  
  92  7:08  Gateway x2  
  92  7:13  Gateway  
  92  7:41  Gateway  
  92  7:42  Gateway  
  92  7:46  Gateway  
  92  7:47  Gateway  
  92  7:48  Adept x4  
  100  8:04  Immortal  
  104  8:10  Adept x4  
  112  8:21  Assimilator  
  112  8:23  Probe x3  
  115  8:35  Probe x3  
  118  8:43  Warp Prism  
  93  9:17  Zealot x3  
  91  9:18  Zealot x2  
  91  9:19  Zealot x5  
  91  9:20  Zealot x2  
  83  9:39  Zealot x2  
  83  9:40  Zealot x5  
  83  9:41  Zealot x4  
  105  9:49  Robotics Facility  
  87  10:05  Zealot x7  
  87  10:06  Zealot x2  
  65  10:16  Immortal  
  59  10:30  Sentry x2  
  59  10:32  Zealot x3  
  59  10:33  Zealot x2  
  59  10:34  Zealot  
  79  10:49  Probe x3  
  82  11:00  Templar Archives  
  82  11:01  Probe x3  
  81  11:16  Zealot x6  
  81  11:17  Zealot  
Show
View Real Time Build Order
Export as new Build Order

Demented Zerg - Winner!

Build Orders: Hatch First 

Get SALT Encoding   

  12  0:01  Drone  
  13  0:14  Overlord  
  13  0:17  Drone  
  14  0:34  Drone x2  
  16  0:38  Drone  
  17  0:58  Drone, Hatchery  
  17  1:03  Drone  
  18  1:11  Overlord  
  18  1:16  Extractor  
  17  1:26  Spawning Pool  
  17  1:28  Drone  
  17  1:35  Drone  
  18  1:40  Drone  
  19  1:51  Drone  
  20  2:13  Queen  
  20  2:14  Queen  
  25  2:15  Zergling x2  
  25  2:16  Zergling x2  
  25  2:18  Zergling x2  
  25  2:20  Drone  
  28  2:24  Metabolic Boost  
  28  2:35  Drone x3  
  31  2:42  Overlord  
  31  2:58  Drone  
  31  3:01  Drone  
  33  3:06  Hatchery  
  33  3:10  Queen  
  34  3:14  Overlord  
  34  3:16  Drone  
  34  3:19  Drone  
  36  3:23  Drone  
  36  3:24  Drone  
  38  3:35  Roach Warren  
  38  3:39  Zergling x2  
  38  3:40  Zergling x4  
  40  3:42  Drone  
  41  3:49  Zergling x4  
  41  3:50  Zergling x2  
  43  3:56  Drone x2  
  43  3:59  Zergling x4  
  47  4:07  Drone  
  47  4:08  Drone x4  
  52  4:22  Roach x3  
  52  4:24  Overlord  
  58  4:27  Spore Crawler  
  58  4:30  Overlord, Spore Crawler  
  55  4:34  Overlord  
  55  4:43  Overlord x2  
  55  4:44  Roach  
  55  4:45  Drone  
  58  4:48  Roach  
  60  4:53  Zergling x2  
  60  4:56  Baneling Nest  
  60  4:58  Drone x3  
  63  5:09  Drone x5  
  68  5:14  Lair  
  68  5:22  Drone x2, Extractor  
  68  5:23  Drone x2  
  68  5:24  Extractor  
  68  5:26  Evolution Chamber  
  69  5:29  Drone x2  
  69  5:30  Drone x2  
  73  5:41  Drone x5  
  73  5:42  Zergling x2  
  79  5:45  Zergling x6  
  79  5:47  Baneling x3  
  82  5:53  Zergling x4  
  82  5:54  Zergling x2  
  82  5:56  Baneling x5  
  85  6:01  Drone x3  
  85  6:03  Drone  
  89  6:06  Overlord  
  89  6:14  Overlord x3  
  89  6:18  Queen  
  89  6:19  Extractor  
  89  6:25  Zergling x2, Zerg Missile Weapons Level 1  
  90  6:26  Zergling x12  
  90  6:30  Centrifical Hooks  
  97  6:32  Queen  
  97  6:38  Drone  
  97  6:39  Zergling x2, Roach x3  
  108  6:40  Zergling x2  
  108  6:53  Roach x4  
  116  7:02  Roach x3  
  116  7:06  Overlord x3  
  116  7:07  Hatchery  
  121  7:19  Hydralisk Den  
  121  7:22  Drone x2  
  122  7:25  Overlord x4  
  122  7:28  Roach x3  
  122  7:29  Roach  
  130  7:34  Drone x2  
  132  7:55  Spore Crawler  
  132  7:56  Roach x5  
  141  8:01  Hydralisk x2  
  145  8:06  Hydralisk  
  147  8:14  Extractor  
  147  8:16  Extractor  
  147  8:17  Drone x3  
  147  8:18  Drone x3  
  147  8:19  Zerg Melee Weapons Level 1  
  151  8:21  Drone x4  
  151  8:22  Drone x5  
  151  8:24  Roach x2  
  151  8:26  Baneling  
  164  8:27  Baneling  
  164  8:29  Baneling x5  
  164  8:31  Zergling x8  
  160  8:57  Roach x2  
  160  8:58  Roach x5  
  154  9:03  Zergling x8  
  154  9:06  Hydralisk x3  
  155  9:13  Hydralisk  
  155  9:14  Roach x2  
  158  9:17  Zergling x6  
  158  9:23  Zergling x6  
  162  9:30  Zergling x8  
  154  9:34  Zergling x2  
  154  9:38  Baneling x8  
  145  9:41  Zergling x6  
  145  9:43  Hydralisk x3  
  141  9:57  Zergling x6  
  135  10:02  Hydralisk x2  
  135  10:03  Roach x2  
  135  10:04  Zergling x2  
  136  10:10  Zergling x2  
  127  10:14  Hydralisk x4  
  127  10:15  Hydralisk  
  127  10:17  Queen  
  138  10:32  Hydralisk x2  
  138  10:33  Hydralisk x4  
  150  10:35  Glial Reconstitution  
  150  10:37  Hatchery  
  149  10:43  Queen  
  151  10:51  Infestation Pit, Hatchery, Hydralisk x4  
  151  10:52  Roach x2  
  161  11:08  Hydralisk x2  
  161  11:09  Roach x2  
  165  11:17  Hydralisk x3  
  165  11:18  Roach x3  
  176  11:20  Zergling x16  
  176  11:25  Hydralisk  
  180  11:37  Hydralisk  
  180  11:38  Hydralisk x2, Roach x2  
  180  11:39  Roach  
  179  11:40  Zergling x10  
Tags
 
Add a new tag
Caveats
  • Supply blocks, unpowered buildings, or Contaminate may cause inaccurate times.
  • Supply counts are checked every 10 seconds.